 Dungeon Crawl Stone Soup version 0.31-a0-1549-g5ff9445e89 (webtiles) character file.

Game seed: 3043849950600731007

324 hikkokomori the Digger (level 6, -10/36 HPs)
             Began as a Gargoyle Earth Elementalist on Jan 2, 2024.
             Was an Initiate of Gozag.
             Mangled by an orc warrior
             ... wielding a +0 battleaxe
              (14 damage)
             ... on level 4 of the Dungeon.
             The game lasted 00:06:58 (3166 turns).

hikkokomori the Digger (GrEE)                       Turns: 3166, Time: 00:06:59

Health: -10/36     AC:  6    Str: 11    XL:     6   Next: 48%
Magic:  19/19      EV: 11    Int: 18    God:    Gozag
Gold:   318        SH:  0    Dex: 10    Spells: 7/11 levels left

rFire   . . .        p - +2 dagger (drain)
rCold   . . .        (no shield)
rNeg    + . .        a - +0 robe
rPois   ∞            (no helmet)
rElec   +            (no cloak)
rCorr   .            (no gloves)
SInv    .            (no boots)
Will    .....        s - amulet of regeneration
Stlth   +            f - ring of flight
HPRegen 1.06/turn    i - ring of magical power
MPRegen 0.16/turn

%: no passive effects
@: silenced, on berserk cooldown, flying, hasted and slowed
A: sickness immunity, AC +4, negative energy resistance 1, electricity
resistance, torment resistance 1, petrification resistance
a: Renounce Religion


You were on level 4 of the Dungeon.
You worshipped Gozag.
Gozag was aware of your devotion.
You visited 1 branch of the dungeon, and saw 5 of its levels.

You collected 365 gold pieces.
You paid 47 gold pieces to Gozag.

Inventory:

Hand Weapons
 e - a +0 club
 g - a +2 spear of venom
 p - a +2 dagger of draining (weapon)
 y - a +1 falchion of protection
Missiles
 r - a throwing net
Armour
 a - a +0 robe (worn)
Jewellery
 f - a ring of flight (left hand)
 i - a ring of magical power (right hand)
 s - an amulet of regeneration (around neck)
 t - a ring of ice
 x - a +6 ring of dexterity
Scrolls
 h - a scroll of immolation
 l - a scroll of fear {unknown}
 m - a scroll of noise
 n - a scroll of identify
 q - a scroll of revelation {unknown}
 w - a scroll of enchant armour
Potions
 b - a potion of magic
 d - a potion of attraction {unknown}
 k - a potion of invisibility {unknown}
 o - a potion of degeneration {unknown}
 z - a potion of lignification {unknown}


   Skills:
 + Level 2.7 Fighting
 - Level 1.5 Dodging
 + Level 4.0 Stealth
 + Level 3.2 Spellcasting
 + Level 3.1 Conjurations
 + Level 5.0 Earth Magic


You had 7 spell levels left.
You knew the following spells:

 Your Spells              Type           Power      Damage    Failure   Level
a - Sandblast             Erth           40%        2d10      1%          1
b - Stone Arrow           Conj/Erth      34%        3d9       9%          3

Your spell library contained the following spells:

 Spells                   Type           Power      Damage    Failure   Level
 Passwall                 Erth           20%        N/A       6%          3
 Freeze                   Ice            8%         1d3       16%         1
 Hailstorm                Conj/Ice       8%         3d5       26%         3
 Brom's Barrelling Bould  Conj/Erth      17%        2d4       30%         4
 Frozen Ramparts          Ice            4%         1d1       43%         3
 Petrify                  Alch/Erth      11%        N/A       50%         4


Dungeon Overview and Level Annotations

Branches:
Dungeon (5/15)             Temple (0/1) D:4

Altars:
Gozag
Kikubaaqudgha
Xom

Shops:
D:4 [


Innate Abilities, Weirdness & Mutations

You are immune to sickness and miasma.
Your stone body is resilient. (AC +4)
You are immune to poison.
You resist negative energy. (rN+)
You are resistant to electric shocks. (rElec)
You are resistant to unholy torment.
You are immune to petrification.


Message History

You feel a strong urge to attack something.
You feel your anger nearly subside.
You are no longer berserk.
You are exhausted.
You feel yourself slow down.
As you read the scroll labelled SOLOKEANGI, it crumbles to dust.
A profound silence engulfs you.
It was a scroll of silence.
The orc warrior barely misses you.
Magic scrolls do not work when you're silenced!
Okay, then.
Your +2 spear of venom stops dripping with poison.
You sense an unholy aura.
p - a +2 dagger of draining (weapon)
The orc warrior hits you with a +0 battleaxe.
You barely miss the orc warrior.
The orc warrior hits you with a +0 battleaxe!
You hit the orc warrior but do no damage.
Flame seeps out of the orc warrior.
You drain the orc warrior.
The orc warrior is lightly wounded.
The orc warrior is engulfed in blazing flames.
Flame seeps out of the orc warrior.
The orc warrior hits you but does no damage.
The orc warrior is engulfed in blazing flames.
Flame seeps out of the orc warrior.
The orc warrior barely misses you.
You closely miss the orc warrior.
The orc warrior is heavily wounded.
The orc warrior is engulfed in blazing flames.
Flame seeps out of the orc warrior.
The orc warrior hits you with a +0 battleaxe.
Unknown command.
You feel much better.
The orc warrior hits you with a +0 battleaxe!
The orc warrior hits you with a +0 battleaxe.
You feel yourself speed up.
The orc warrior hits you with a +0 battleaxe!!
Ouch! That really hurt!
* * * LOW HITPOINT WARNING * * *
The orc warrior attacks as it pursues you!
The orc warrior hits you with a +0 battleaxe!
You die...
Your body crumbles into a pile of gold.

#.........# #........####
#.........# #........#...
#.........########.##'#####...
#.............................
#.....................########
#...........>.....#...# ##_##
#.................#...##8...8#
#.................#...##.....#
#............@o...#####8.....8
#.................# ##.....#
#.................# #8...8#
#................>#
#.................##### ..8
#................[....# ....#
#..................)..# ...8#
#.....................# #>##
#................[....#######


You could see an orc warrior (inner flame, drained).

Vanquished Creatures
  A bombardier beetle (D:4)
  A hound (D:4)
  2 orc priests
  An iguana (D:4)
  An orc wizard (D:3)
  3 gnolls (D:4)
  4 adders
  10 dart slugs
  A ribbon worm (D:3)
  5 orcs
  5 ball pythons
  2 bats
  3 endoplasms (D:3)
  2 giant cockroaches (D:1)
  4 goblins
  6 hobgoblins
  4 jackals (D:2)
  5 kobolds
  A frilled lizard (D:1)
  10 rats
71 creatures vanquished.

Notes
Turn   | Place    | Note
-------+----------+-------------------------------------------
     0 | D:1      | hikkokomori the Gargoyle Earth Elementalist began the quest
                  | for the Orb.
     0 | D:1      | Reached XP level 1. HP: 10/10 MP: 3/3
   128 | D:1      | Reached XP level 2. HP: 16/16 MP: 5/5
   838 | D:2      | Reached skill level 1 in Fighting
   838 | D:2      | Reached skill level 4 in Earth Magic
   838 | D:2      | Reached XP level 3. HP: 20/20 MP: 4/6
   874 | D:2      | Learned a level 3 spell: Stone Arrow
  1157 | D:2      | Found a faded altar of an unknown god.
  1614 | D:3      | Reached XP level 4. HP: 25/25 MP: 7/7
  1821 | D:3      | Found an opulent altar of Gozag.
  1833 | D:3      | Became a worshipper of Gozag Ym Sagoz the Greedy
  2134 | D:3      | Found an ancient bone altar of Kikubaaqudgha.
  2167 | D:3      | Reached XP level 5. HP: 10/30 MP: 9/9
  2324 | D:4      | Found Geudiom's Antique Armour Boutique.
  2436 | D:4      | Found a shimmering altar of Xom.
  2526 | D:4      | Reached XP level 6. HP: 34/36 MP: 10/10
  2814 | D:4      | Reached skill level 5 in Earth Magic
  2977 | D:4      | Found a staircase to the Ecumenical Temple.
  3039 | D:5      | Entered Level 5 of the Dungeon
  3058 | D:5      | Noticed an orc warrior
  3166 | D:4      | Mangled by an orc warrior

Illustrated notes

Levels and vault maps discovered:
D:1:      giann_bridges, layout_loops_ring, chequers_mini_garden,
          minmay_statues_item
D:2:      layout_basic, ebering_ecumenical_altar_ruins,
          chequers_serial_rivers_small_a, minmay_hexomino_p4
D:3:      layout_rooms, mainiacjoe_overflow_tiny_flanked,
          nicolae_gozag_seed_capital, grunt_decor_mini_mirrors
D:4:      layout_gridville, nicolae_overflow_hidden_temple,
          minmay_temple_entry_from_below_a, serial_shops, shop, corner_web_ring
D:5:      layout_loops_ring, gammafunk_ghost_hive

Skill      XL: |  1  2  3  4  5  6 |
---------------+-------------------+-----
Fighting       | 1 2 |  2.7
Earth Magic    | 4 5 |  5.0
Conjurations   | 2 3 |  3.1
Stealth        | 3 4 |  4.0
Spellcasting   | 3 |  3.2
Dodging        | |  1.5

Action                     |  1- 3 |  4- 6 || total
---------------------------+-------+-------++-------
  Melee: Club              |     6 |       ||     6
         Spear             |     6 |    19 ||    25
         Unarmed           |     1 |       ||     1
         Dagger            |       |     3 ||     3
   Cast: Sandblast         |    42 |    71 ||   113
         Stone Arrow       |       |     2 ||     2
    Use: Potion            |       |    10 ||    10
         Scroll            |       |     4 ||     4
 Armour: Robe              |    16 |    59 ||    75
  Dodge: Dodged            |    16 |    29 ||    45

Table legend: (Time is in decaauts)
 A = Elapsed time spent in this place.
 B = Non-inter-level travel time spent in this place.
 C = Inter-level travel time spent in this place.
 D = Time resting spent in this place.
 E = Time spent auto-exploring this place.
 F = Levels seen in this place.
 G = Mean time per level.
                   A        B        C        D        E       F      G
               +--------+--------+--------+--------+--------+-----+--------+
         Total |   3216 |   3039 |    177 |     25 |   2433 |   5 |  643.2 |
       Dungeon |   3216 |   3039 |    177 |     25 |   2433 |   5 |  643.2 |
               +--------+--------+--------+--------+--------+-----+--------+

Top non-repeatable levels by time:
     D:2: 833 daAuts
     D:4: 819 daAuts
     D:1: 799 daAuts
     D:3: 728 daAuts
     D:5: 35 daAuts
